Map: Lightshade LE

Players

Neeblet (Neeb)

  • Race: Protoss Protoss

LiquidClem (Clem) - Winner!

  • Race: Terran Terran
  • League: Grandmaster

Event: DreamHack SC2 Masters 2021 Summer

VOD

Have the link to the VOD?

Description

Time

  • Played on: July 2, 2021, 11:53 a.m.
  • Length: 8:54

All games in this series

Show
View Real Time Build Order
Export as new Build Order

Neeblet Protoss 

Build Orders: 1 Gate Expand, Oracle Opening, Phoenix Opening 

Get SALT Encoding   

  12  0:00  Probe  
  13  0:12  Probe  
  14  0:19  Pylon  
  14  0:24  Probe  
  15  0:37  Probe (Chrono Boost)  
  15  0:38  Gateway  
  16  0:46  Probe (Chrono Boost), Assimilator  
  17  0:51  Probe (Chrono Boost)  
  18  1:03  Probe  
  19  1:15  Probe  
  20  1:25  Cybernetics Core  
  20  1:34  Nexus  
  20  1:37  Probe  
  21  1:44  Pylon  
  21  1:50  Probe  
  21  1:52  Assimilator  
  22  2:00  Adept (Chrono Boost)  
  22  2:05  Shield Battery  
  22  2:08  Probe  
  25  2:20  Probe, Adept (Chrono Boost)  
  28  2:30  Stargate  
  28  2:32  Probe  
  28  2:36  Warp Gate  
  29  2:44  Probe  
  29  2:49  Adept  
  33  2:51  Probe (Chrono Boost)  
  34  3:01  Probe (Chrono Boost)  
  34  3:03  Probe (Chrono Boost)  
  35  3:10  Probe (Chrono Boost), Oracle (Chrono Boost)  
  35  3:11  Probe (Chrono Boost)  
  40  3:20  Probe  
  40  3:22  Probe, Pylon  
  42  3:32  Probe  
  43  3:34  Probe  
  43  3:40  Phoenix  
  46  3:44  Probe  
  46  3:45  Gateway x2  
  46  3:46  Probe  
  48  3:56  Probe, Pylon  
  48  3:59  Probe  
  48  4:05  Phoenix  
  48  4:08  Probe  
  48  4:11  Probe  
  49  4:21  Probe (Chrono Boost)  
  45  4:25  Stalker  
  45  4:26  Probe (Chrono Boost)  
  45  4:30  Phoenix  
  44  4:38  Probe (Chrono Boost)  
  45  4:39  Probe (Chrono Boost)  
  45  4:40  Nexus  
  45  4:44  Probe (Chrono Boost)  
  45  4:45  Probe (Chrono Boost), Pylon  
  47  4:55  Probe  
  47  4:57  Probe  
  49  5:07  Probe  
  49  5:09  Probe  
  49  5:13  Pylon  
  53  5:20  Probe  
  54  5:22  Stalker x2  
  54  5:24  Robotics Facility  
  54  5:26  Probe  
  54  5:27  Stalker  
  54  5:28  Assimilator  
  59  5:29  Assimilator  
  59  5:32  Probe  
  60  5:37  Shield Battery  
  60  5:38  Probe  
  60  5:40  Shield Battery  
  61  5:44  Probe  
  62  5:50  Probe  
  62  5:53  Sentry  
  62  5:56  Probe x2  
  65  6:06  Probe  
  65  6:07  Stalker x2  
  65  6:09  Immortal (Chrono Boost)  
  70  6:16  Probe  
  75  6:18  Zealot  
  75  6:20  Probe  
  75  6:22  Shield Battery  
  78  6:25  Pylon  
  78  6:34  Stalker x2  
  78  6:37  Probe  
  83  6:44  Immortal (Chrono Boost)  
  83  6:53  Probe  
  76  6:54  Probe x2  
  78  7:02  Stalker x2, Robotics Bay  
  78  7:03  Forge  
  78  7:05  Probe  
  78  7:06  Probe  
  78  7:07  Probe, Stalker  
  87  7:15  Observer  
  87  7:17  Probe  
  87  7:19  Probe x2  
  87  7:20  Assimilator  
  88  7:24  Assimilator  
  88  7:25  Gateway  
  88  7:26  Gateway  
  88  7:29  Probe  
  89  7:31  Probe  
  89  7:33  Stalker, Sentry x2  
  89  7:35  Probe  
  97  7:41  Probe  
  97  7:43  Probe  
  99  7:47  Probe  
  99  7:51  Observer  
  99  7:53  Pylon  
  99  7:55  Pylon  
  99  8:00  Stalker x2  
  99  8:04  Colossus (Chrono Boost), Stalker  
  98  8:08  Probe  
  98  8:11  Probe x2  
  99  8:20  Photon Cannon, Zealot x2  
  99  8:22  Probe, Photon Cannon, Shield Battery  
  99  8:25  Shield Battery  
  102  8:28  Stalker x3  
  93  8:37  Probe x2  
  93  8:40  Probe  
  86  8:46  Zealot x2  
  86  8:47  Pylon  
Show
View Real Time Build Order
Export as new Build Order

LiquidClem Terran - Winner!

Build Orders:  

Get SALT Encoding   

  12  0:00  SCV  
  13  0:12  SCV  
  14  0:16  Supply Depot  
  14  0:24  SCV  
  15  0:38  SCV  
  15  0:39  Barracks  
  15  0:42  Refinery  
  16  0:50  SCV  
  17  1:02  SCV  
  18  1:14  SCV  
  19  1:26  Orbital Command, Marine  
  20  1:45  Command Center  
  20  1:54  Factory  
  20  1:57  SCV  
  21  2:01  Barracks Reactor  
  21  2:07  Supply Depot  
  21  2:10  SCV  
  22  2:17  Bunker  
  22  2:23  SCV  
  23  2:35  SCV  
  24  2:37  Hellion  
  24  2:39  Starport  
  24  2:41  Marine  
  24  2:42  Marine  
  28  2:48  SCV  
  28  2:59  Hellion  
  28  3:02  SCV  
  31  3:06  Orbital Command, Marine x2  
  33  3:14  SCV  
  33  3:16  Medivac  
  36  3:23  Hellion  
  36  3:24  Supply Depot  
  36  3:26  SCV, Marine  
  40  3:29  Marine  
  40  3:32  SCV  
  42  3:38  Barracks  
  42  3:41  SCV  
  43  3:44  SCV  
  43  3:46  Marine x2  
  46  3:50  Supply Depot  
  46  3:53  SCV  
  47  3:56  Barracks  
  47  4:00  SCV  
  47  4:05  SCV  
  47  4:06  Marine x2  
  50  4:12  SCV  
  50  4:17  SCV  
  48  4:24  SCV  
  48  4:25  Marine  
  48  4:29  SCV, Marine  
  48  4:30  Barracks Tech Lab  
  49  4:36  SCV  
  48  4:41  SCV, Engineering Bay  
  48  4:43  Barracks Tech Lab  
  48  4:44  Marine  
  46  4:47  Marine  
  46  4:48  SCV, Marine  
  46  4:49  Stimpack  
  49  4:53  SCV  
  49  4:55  Refinery  
  49  4:56  Widow Mine  
  52  5:01  SCV  
  52  5:03  Marine  
  52  5:04  Marine, Combat Shield  
  52  5:06  SCV  
  56  5:07  Supply Depot  
  56  5:08  Marine  
  56  5:10  Marine  
  56  5:12  Refinery  
  56  5:13  SCV  
  59  5:15  Supply Depot  
  59  5:18  SCV  
  59  5:20  Factory Reactor  
  60  5:22  Marine  
  60  5:25  Refinery, SCV  
  60  5:27  Supply Depot  
  62  5:28  Marine x2  
  62  5:30  SCV  
  62  5:31  Supply Depot  
  62  5:33  Starport Reactor  
  62  5:34  Marine  
  66  5:37  SCV  
  66  5:40  Marine  
  66  5:42  SCV  
  69  5:45  Terran Infantry Weapons Level 1  
  69  5:46  Marine  
  69  5:48  Marauder  
  69  5:49  SCV  
  73  5:52  Supply Depot  
  73  5:53  Marauder  
  73  5:54  SCV  
  76  5:59  Widow Mine x2  
  76  6:00  Marine  
  76  6:01  SCV  
  81  6:07  Supply Depot  
  81  6:09  Marine  
  81  6:10  SCV, Marauder  
  85  6:12  Missile Turret  
  85  6:14  Marauder  
  85  6:17  Medivac x2  
  91  6:20  SCV  
  91  6:21  Supply Depot  
  91  6:23  SCV  
  93  6:30  Marine x2  
  93  6:32  SCV  
  93  6:35  Marauder  
  93  6:37  Widow Mine x2  
  96  6:43  Marauder  
  96  6:45  SCV  
  93  6:48  Medivac x2  
  93  6:53  Marine x2  
  89  6:57  Marauder  
  89  6:59  Concussive Shells  
  89  7:01  Widow Mine  
  93  7:08  Marauder  
  95  7:09  Command Center  
  95  7:12  Marine x2  
  99  7:15  Widow Mine  
  99  7:22  Marauder, Supply Depot  
  101  7:25  Medivac  
  101  7:27  Supply Depot  
  105  7:30  Marauder  
  105  7:33  Marine x2  
  105  7:35  SCV x2  
  109  7:37  Medivac  
  109  7:42  Supply Depot  
  111  7:45  Marauder  
  113  7:51  Marauder  
  113  7:56  Widow Mine  
  113  7:57  Marine  
  114  8:00  Widow Mine  
  114  8:05  Supply Depot  
  112  8:06  Marauder  
  112  8:10  Barracks  
  112  8:11  Barracks  
  112  8:12  SCV x2  
  110  8:13  Marine  
  110  8:17  Marauder  
  113  8:20  Widow Mine, Marine  
  114  8:28  Marauder  
  114  8:32  Widow Mine  
Tags
 
Add a new tag
Caveats
  • Supply blocks, unpowered buildings, or Contaminate may cause inaccurate times.
  • Supply counts are checked every 10 seconds.